 Dungeon Crawl Stone Soup version 0.18-a0-5-gf1fb587 (webtiles) character file.

149 Goblin1989 the Insei (level 5, -1/28 HPs)
             Began as a Vine Stalker Monk on Oct 31, 2015.
             Was a Believer of Okawaru.
             Slain by a mummy (9 damage)
             ... in an ossuary.
             The game lasted 00:10:22 (2136 turns).

Goblin1989 the Insei (Vine Stalker Monk)            Turns: 2136, Time: 00:10:22

Health: -1/28      AC:  3    Str: 18    XL:     5   Next: 31%
Magic:  0/6        EV: 13    Int: 11    God:    Okawaru [**....]
Gold:   159        SH:  0    Dex: 17    Spells: 0 memorised, 4 levels left

rFire  . . .     SeeInvis .       - Unarmed
rCold  . . .     Clarity  .     a - +0 robe
rNeg   . . .     SustAt   .     (no shield)
rPois  .         Gourm    .     (no helmet)
rElec  .         Spirit   +     r - +0 cloak
rCorr  .         Warding  .     (no gloves)
rMut   .         Stasis   .     (no boots)
MR     .....                    (no amulet)
Stlth  +++.......               s - +5 ring of strength
                                v - ring of stealth

@: not resistant to hostile enchantments, fairly stealthy
A: fangs 2, regeneration 1, magic shield, antimagic bite, no device heal 3, rot
immunity
a: Heroism, Renounce Religion


You were in an ossuary.
You worshipped Okawaru.
Okawaru was pleased with you.
You were not hungry.

You visited 1 branch of the dungeon, and saw 4 of its levels.
You also visited: Ossuary.

You collected 159 gold pieces.

Inventory:

Armour
 a - a +0 robe (worn)
 d - a -1 pair of boots
 r - a +0 cloak (worn)
Jewellery
 h - an uncursed ring of invisibility
 s - a +5 ring of strength (right hand)
 v - a ring of stealth (left hand)
Wands
 m - a wand of polymorph (24)
Scrolls
 c - a scroll of enchant weapon
 g - a scroll of blinking {unknown}
 q - 4 scrolls of remove curse
Potions
 e - a potion of resistance {unknown}
 i - a potion of curing {unknown}
 j - 2 potions of brilliance
 p - a potion of invisibility {unknown}
 t - 3 potions of cure mutation
 w - 2 potions of lignification
Comestibles
 b - 3 bread rations
 f - a chunk of flesh
 l - 4 fruits
 n - 2 meat rations
 x - a beef jerky


   Skills:
 + Level 3.1 Fighting
 - Level 2.4 Dodging
 - Level 2.4 Stealth
 * Level 6.2 Unarmed Combat


You had 4 spell levels left.
You didn't know any spells.

Dungeon Overview and Level Annotations

Branches:
Dungeon (4/15)
 Temple: D:4-7

Altars:
Okawaru
Trog
Vehumet
Zin
The Shining One

Annotations:
D:4 miniluv's ghost, amateur OpCj


Innate Abilities, Weirdness & Mutations

You have extremely sharp teeth.
Your natural rate of healing is unusually fast.
When hurt, damage is shared between your health and your magic reserves.
Your bite disrupts and absorbs the magic of your enemies.
Potions and wands cannot restore your health.
You are immune to rotting.


Message History

You are too injured to fight recklessly!
You are too injured to fight recklessly!
You are too injured to fight recklessly!
You are too injured to fight recklessly!
You are too injured to fight recklessly!
You are too injured to fight recklessly!
You are too injured to fight recklessly!
You are too injured to fight recklessly!
You are too injured to fight recklessly!
You are too injured to fight recklessly!
You are too injured to fight recklessly!
You are too injured to fight recklessly!
You are too injured to fight recklessly!
You are too injured to fight recklessly!
You are too injured to fight recklessly!
You are too injured to fight recklessly!
You are too injured to fight recklessly!
You are too injured to fight recklessly!
You hit the mummy but do no damage. The mummy hits you!
You die...

#....#
#....#
#....#
#....#
#....#
#....#
#....#
#.M.M#
#.∩@.#
######


You could see 2 mummies.

Vanquished Creatures
  A centaur skeleton (D:4)
  A mummy (Ossuary)
  4 adders
  2 oozes
  3 worms
  An orc (D:3)
  6 bats
  A giant cockroach (D:3)
  2 goblins
  7 hobgoblins
  6 kobolds
  3 quokkas
  A ball python (D:4)
  3 giant geckos
  3 giant newts
  A gnoll zombie (Ossuary)
  3 hobgoblin zombies (Ossuary)
  A kobold zombie (Ossuary)
  An orc zombie (Ossuary)
  A quokka skeleton (D:4)
  9 rats
60 creatures vanquished.

Notes
Turn   | Place    | Note
--------------------------------------------------------------
     0 | D:1      | Goblin1989 the Vine Stalker Monk began the quest for the Orb.
     0 | D:1      | Reached XP level 1. HP: 11/11 MP: 2/2
   366 | D:1      | Reached XP level 2. HP: 4/16 MP: 3/3
   777 | D:2      | Found a glowing golden altar of the Shining One.
   781 | D:2      | Reached skill level 5 in Unarmed Combat
   781 | D:2      | Reached XP level 3. HP: 17/19 MP: 4/4
   963 | D:2      | Found a radiant altar of Vehumet.
  1274 | D:2      | Reached XP level 4. HP: 16/23 MP: 5/5
  1481 | D:3      | Found an iron altar of Okawaru.
  1499 | D:3      | Became a worshipper of Warmaster Okawaru
  1499 | D:3      | Reached * piety under Okawaru
  1499 | D:3      | Reached ** piety under Okawaru
  1571 | D:3      | Found a faded altar to an unknown god.
  1873 | D:3      | Found a glowing silver altar of Zin.
  1873 | D:3      | Found a bloodstained altar of Trog.
  2056 | D:4      | Reached skill level 6 in Unarmed Combat
  2056 | D:4      | Reached XP level 5. HP: 24/28 MP: 6/6
  2087 | D:4      | Noticed miniluv's ghost (amateur OpCj)
  2090 | D:4      | Found a sand-covered staircase.
  2101 | Ossuary  | Entered an ossuary
  2136 | Ossuary  | Slain by a mummy

Vault maps used:
D:1:      denvon_arrival_planthouse
D:2:      overflow_temple_1_default, tso_metal_star
D:3:      okawaru_metal_pillars_3, gammafunk_temple_overflow_wave,
          ecumenical_altar_1, minmay_misc_feat_rows
D:4:      enter_ossuary_3
Ossuary:  ossuary_tomb_3

Action                   |  1- 3 |  4- 6 || total
-------------------------+-------+-------++-------
Melee: Unarmed           |    93 |    75 ||   168
  Use: Scroll            |     1 |    10 ||    11
 Stab: Sleeping          |     2 |     3 ||     5
  Eat: Chunk             |       |     4 ||     4
